 Dungeon Crawl Stone Soup version 0.19.0-19-g8c6edcc (webtiles) character file.

56 Mesmaeker13 the Charmwright (level 3, 0/27 HPs)
             Began as a Demonspawn Skald on Nov 12, 2016.
             Succumbed to an adder's poison
             ... on level 3 of the Dungeon.
             The game lasted 00:03:28 (1824 turns).

Mesmaeker13 the Charmwright (Demonspawn Skald)      Turns: 1824, Time: 00:03:29

Health: 0/27       AC:  3    Str: 11 (12) XL:     3   Next: 69%
Magic:  5/6        EV: 11    Int: 11 (14) God:
Gold:   55         SH:  0    Dex: 10 (12) Spells: 2 memorised, 4 levels left

rFire  . . .     SeeInvis .     a - +0 falchion
rCold  + . .     Gourm    .     b - +0 leather armour
rNeg   . . .     Faith    .     (no shield)
rPois  .         Spirit   .     (no helmet)
rElec  .         Reflect  .     (no cloak)
rCorr  .         Harm     .     (no gloves)
MR     .....                    (no boots)
Stlth  +.........               (no amulet)
                                (no ring)
                                (no ring)

@: lethally poisoned (0 -> -6)
A: cold resistance 1, rot immunity
a: no special abilities


You were on level 3 of the Dungeon.
You were not hungry.

You visited 1 branch of the dungeon, and saw 3 of its levels.

You collected 55 gold pieces.

Inventory:

Hand Weapons
 a - a +0 falchion (weapon)
Armour
 b - a +0 leather armour (worn)
Scrolls
 g - a scroll of identify {unknown}
Potions
 i - a potion of degeneration
Books
 c - a book of Battle

   Spells                             Type                      Level
   a - Infusion                       Charms                       1
   b - Shroud of Golubria             Charms/Translocation         2
   c - Song of Slaying                Charms                       2
   d - Spectral Weapon                Hexes/Charms                 3
   e - Regeneration                   Charms/Necromancy            3
Comestibles
 d - 3 bread rations
 h - a fruit


   Skills:
 - Level 2.0 Fighting
 + Level 2.3 Long Blades
 - Level 0.8 Armour
 + Level 1.6 Dodging
 + Level 2.6 Spellcasting
 + Level 3.1 Charms


You had 4 spell levels left.
You knew the following spells:

 Your Spells              Type           Power        Failure   Level  Hunger
a - Infusion              Chrm           #...         12%         1    ##.....
b - Song of Slaying       Chrm           #.......     17%         2    ###....


Dungeon Overview and Level Annotations

Branches:
Dungeon (3/15)

Altars:
Gozag

Annotations:
D:2 Sigmund


Innate Abilities, Weirdness & Mutations

Your flesh is cold resistant. (rC+)
You are immune to rotting.


Message History

You barely miss the adder.
The adder is heavily wounded.
* * * LOW HITPOINT WARNING * * *
You feel sick. The adder bites you but does no damage.
You miss the adder.
The adder is heavily wounded.
* * * LOW HITPOINT WARNING * * *
You feel sick. The adder bites you.
* * * LOW HITPOINT WARNING * * *
The adder misses you.
You hit the adder.
You kill the adder!
* * * LOW HITPOINT WARNING * * *
You feel sick.
* * * LOW HITPOINT WARNING * * *
You feel sick.
Things that are here:
an adder corpse x2
There is a stone staircase leading up here.
You die...

### #.. #.# #.#
#.# #†#
#######<####...
#......@......#
#.##.##..####.#
# #..# #..#
.(.. .....
.#.## #. .#


There were no monsters in sight!

Vanquished Creatures
  2 adders (D:3)
  A dart slug (D:2)
  5 giant cockroaches
  3 goblins (D:1)
  3 hobgoblins (D:1)
  3 kobolds (D:1)
  5 bats
  3 frilled lizards (D:1)
  15 rats (D:1)
40 creatures vanquished.

Notes
Turn   | Place    | Note
-------+----------+-------------------------------------------
     0 | D:1      | Mesmaeker13 the Demonspawn Skald began the quest for the Orb.
     0 | D:1      | Reached XP level 1. HP: 16/16 MP: 3/3
    10 | D:1      | Reached skill level 1 in Dodging
   190 | D:1      | Gained mutation: Your flesh is cold resistant. (rC+) [demonic ancestry]
   190 | D:1      | Reached XP level 2. HP: 14/22 MP: 1/5
  1044 | D:1      | Gained mutation: You are immune to rotting. [demonic ancestry]
  1044 | D:1      | Reached XP level 3. HP: 16/27 MP: 6/6
  1159 | D:1      | Reached skill level 3 in Charms
  1329 | D:2      | Learned a level 2 spell: Song of Slaying
  1352 | D:2      | Found an opulent altar of Gozag.
  1475 | D:2      | Noticed Sigmund
  1822 | D:3      | HP: 1/27 [poisoned by an adder]
  1824 | D:3      | Succumbed to an adder's poison

Skill      XL: |  1  2  3 |
---------------+----------+-----
Dodging        | 1 |  1.6
Long Blades    | 2 |  2.3
Charms         | 3 |  3.1
Fighting       | |  2.0
Armour         | |  0.8
Spellcasting   | |  2.6

Action                   || total
-------------------------++-------
Melee: Falchion          ||   110
Throw: Throwing net      ||     1
 Cast: Infusion          ||    10
  Use: Potion            ||     2
       Scroll            ||     1
  Eat: Chunk             ||     3
Armor: Leather armour    ||    42
Dodge: Dodged            ||    84
       Rpst.: Falchion   ||    22
